Map: Hardwire LE

Players

kafix - Winner!

  • Race: Zerg Zerg
  • League: Platinum
  • Spawn Location: 7:00

ftwoamove

  • Race: Terran Terran
  • League: Platinum
  • Spawn Location: 1:00

VOD

Have the link to the VOD?

Description

Time

  • Played on: May 28, 2022, 3:22 p.m.
  • Length: 8:34
Show
View Real Time Build Order
Export as new Build Order

kafix Zerg - Winner!

Build Orders: Hatch First 

Get SALT Encoding   

  12  0:01  Drone  
  13  0:13  Overlord  
  13  0:17  Drone  
  14  0:33  Drone  
  14  0:34  Drone  
  16  0:49  Hatchery  
  15  0:53  Drone  
  16  0:59  Drone  
  17  1:05  Extractor  
  16  1:16  Spawning Pool  
  16  1:17  Drone  
  16  1:23  Drone  
  17  1:25  Drone  
  17  1:30  Drone  
  19  1:56  Hatchery  
  19  1:58  Drone  
  19  2:03  Queen  
  21  2:12  Queen  
  23  2:19  Metabolic Boost  
  23  2:26  Zergling x2  
  23  2:27  Zergling x2  
  25  2:33  Overlord  
  25  2:44  Queen  
  27  3:18  Drone  
  27  3:19  Drone x6  
  34  3:37  Lair  
  34  3:43  Queen  
  34  3:45  Zergling x2  
  34  3:46  Zergling x10  
  42  3:51  Baneling Nest  
  41  3:56  Drone x2, Extractor  
  41  3:58  Overlord  
  35  4:40  Zergling x4  
  35  4:41  Zergling x22  
  47  4:54  Overlord  
  47  4:55  Overlord  
  47  5:06  Overlord x2  
  47  5:13  Centrifugal Hooks  
  47  5:18  Drone x3, Evolution Chamber  
  47  5:19  Drone x5  
  54  5:31  Overseer  
  54  5:44  Zerg Melee Weapons Level 1  
  46  6:04  Baneling x8  
  46  6:05  Baneling x2  
  46  6:06  Zergling x18  
  46  6:07  Zergling x12  
  50  6:55  Zergling x2  
  50  6:56  Zergling x38  
  50  6:57  Zergling x4  
  64  7:26  Baneling x3  
  64  7:57  Zergling x6  
  64  7:58  Zergling x28  
  81  8:01  Baneling x5  
  81  8:02  Baneling x2, Overlord x3  
  81  8:11  Evolution Chamber  
Show
View Real Time Build Order
Export as new Build Order

ftwoamove Terran 

Build Orders:  

Get SALT Encoding   

  12  0:00  SCV  
  13  0:12  SCV  
  14  0:18  Supply Depot  
  14  0:24  SCV  
  15  0:39  SCV  
  15  0:40  Barracks  
  16  0:45  Refinery  
  16  0:51  SCV  
  17  1:03  SCV  
  18  1:15  SCV  
  19  1:29  Orbital Command  
  19  1:31  Marine  
  20  1:39  Command Center  
  20  1:51  Supply Depot, Marine  
  21  1:55  SCV  
  22  2:08  SCV  
  23  2:14  Marine  
  24  2:15  Factory  
  24  2:20  SCV  
  25  2:32  Marine, SCV  
  28  2:44  SCV  
  28  2:53  Orbital Command, Barracks  
  28  2:56  SCV  
  29  2:59  Factory Tech Lab  
  29  3:00  Refinery  
  29  3:08  SCV, Barracks Reactor  
  30  3:20  SCV  
  30  3:24  SCV  
  32  3:32  SCV  
  33  3:36  SCV  
  34  3:44  Command Center, SCV  
  34  3:46  Barracks Tech Lab  
  35  3:48  SCV, Siege Tank  
  35  3:51  Marine  
  35  3:52  Marine  
  41  3:56  SCV  
  42  4:06  SCV  
  42  4:09  SCV  
  44  4:10  Stimpack  
  44  4:12  Marine x2  
  46  4:18  Supply Depot  
  46  4:23  Marine  
  46  4:25  SCV  
  41  4:35  Marine x2, SCV  
  41  4:37  SCV  
  36  4:41  Marine  
  37  4:47  Siege Tank, SCV  
  37  4:49  SCV  
  42  4:53  Marine x2  
  42  4:59  Starport, Supply Depot, Marine, SCV  
  46  5:01  SCV  
  46  5:04  Orbital Command  
  47  5:11  Marine x2  
  47  5:12  SCV  
  47  5:13  SCV  
  51  5:16  Marine  
  52  5:24  Supply Depot, SCV  
  52  5:27  SCV  
  52  5:28  Refinery x2  
  54  5:29  Marine  
  54  5:30  Orbital Command  
  55  5:36  SCV  
  55  5:38  Marine x2  
  55  5:39  SCV  
  59  5:47  Marine  
  59  5:48  Barracks, SCV  
  61  5:51  SCV  
  61  5:52  Barracks  
  61  5:56  Marine  
  56  5:58  Orbital Command  
  56  5:59  Marine  
  56  6:00  SCV  
  56  6:03  SCV  
  55  6:04  Marine  
  56  6:12  SCV  
  56  6:14  Marine  
  56  6:15  SCV  
  56  6:16  Marine  
  60  6:22  Marine  
  60  6:24  Starport Reactor, SCV  
  60  6:25  SCV  
  63  6:27  SCV  
  64  6:35  Marine x3  
  64  6:36  Supply Depot, SCV  
  64  6:37  SCV  
  64  6:38  Combat Shield, Supply Depot x2  
  64  6:39  SCV  
  70  6:40  Marine  
  70  6:43  Supply Depot, Engineering Bay  
  62  6:48  Engineering Bay  
  62  6:49  SCV x2  
  62  6:53  Marine x2  
  51  6:54  Marine x2  
  51  6:58  Marine  
  40  7:11  Marine x2  
  40  7:12  Marine x2  
  41  7:16  Marine  
  41  7:21  Orbital Command  
  40  7:23  SCV  
  40  7:28  Marine x2  
  43  7:30  SCV  
  43  7:31  Marine  
  45  7:48  SCV x3  
  45  7:51  Barracks Reactor x2  
  48  8:00  SCV x3  
  51  8:08  Marine x3  
  55  8:12  SCV  
  55  8:13  SCV x2  
Tags
 
Add a new tag
Caveats
  • Supply blocks, unpowered buildings, or Contaminate may cause inaccurate times.
  • Supply counts are checked every 10 seconds.